 Dungeon Crawl Stone Soup version 0.30.0-17-ge0270778cf (webtiles) character file.

Game seed: 17585248978484428379

776 GloriousHammer the Conjurer (level 7, 0/36 HPs)
             Began as a Tengu Fire Elementalist on May 23, 2023.
             Was an Initiate of Vehumet.
             Slain by a killer bee (1 damage)
             ... on level 5 of the Dungeon.
             The game lasted 00:13:05 (4866 turns).

GloriousHammer the Conjurer (TeFE)                  Turns: 4866, Time: 00:13:06

Health: 0/36       AC:  2    Str:  8    XL:     7   Next: 84%
Magic:  5/14       EV: 14    Int: 18    God:    Vehumet [......]
Gold:   270        SH:  0    Dex: 14    Spells: 6/15 levels left

rFire   . . .        v - +4 dagger (speed)
rCold   . . .        (no shield)
rNeg    . . .        a - +0 robe
rPois   .            (helmet restricted)
rElec   .            (no cloak)
rCorr   .            (no gloves)
SInv    .            (boots unavailable)
Will    .....        (no amulet)
Stlth   ++           (no ring)
HPRegen 0.26/turn    (no ring)
MPRegen 0.14/turn

%: no passive effects
@: lethally poisoned (0 -> -15), flying quickly and evasively, quick
A: beak, talons 3, nimble flight
a: Renounce Religion


You were on level 5 of the Dungeon.
You worshipped Vehumet.
Vehumet was noncommittal.
You visited 2 branches of the dungeon, and saw 6 of its levels.

You collected 340 gold pieces.
You spent 70 gold pieces at shops.

Inventory:

Hand Weapons
 i - a +0 quarterstaff
 v - a +4 dagger of speed (weapon)
Missiles
 r - 4 poisoned darts
Armour
 a - a +0 robe (worn)
Wands
 n - a wand of light (8)
 t - a wand of charming (5)
Scrolls
 c - 5 scrolls of identify {unknown}
 g - a scroll of amnesia {unknown}
 j - 3 scrolls of fear
 l - a scroll of fog {unknown}
 q - a scroll of noise {unknown}
 s - 2 scrolls of enchant armour {unknown}
 u - a scroll of vulnerability {unknown}
Potions
 b - a potion of magic
 d - 2 potions of ambrosia {unknown}
 e - 5 potions of curing
 f - a potion of mutation {unknown}
 h - 2 potions of degeneration {unknown}
 k - a potion of heal wounds {unknown}
 m - 2 potions of flight {unknown}
 o - a potion of might {unknown}
 p - a potion of invisibility {unknown}


   Skills:
 - Level 2.1 Dodging
 - Level 2.0 Stealth
 + Level 4.6 Spellcasting
 + Level 6.2 Conjurations
 - Level 1.3 Hexes
 + Level 6.1 Fire Magic


You had 6 spell levels left.
You knew the following spells:

 Your Spells              Type           Power      Damage    Failure   Level
a - Foxfire               Conj/Fire      100%       2x1d9     1%          1
b - Scorch                Fire           52%        2d7       1%          2
c - Inner Flame           Hex/Fire       17%        N/A       9%          3
d - Volatile Blastmotes   Fire/Tloc      30%        2d12      12%         3

Your spell library contained the following spells:

 Spells                   Type           Power      Damage    Failure   Level
 Flame Wave               Conj/Fire      26%        2d8       11%         4
 Mephitic Cloud           Conj/Pois/Air  11%        N/A       17%         3
 Poisonous Vapours        Pois/Air       8%         N/A       22%         2
 Tukima's Dance           Hex            8%         N/A       24%         3
 Portal Projectile        Hex/Tloc       12%        N/A       32%         3
 Frozen Ramparts          Ice            8%         1d2       38%         3
 Ice Form                 Ice/Tmut       4%         N/A       80%         4
 Summon Ice Beast         Ice/Summ       4%         N/A       80%         4
 Freezing Cloud           Conj/Ice/Air   5%         6-21      85%         5
 Blade Hands              Tmut           2%         N/A       98%         5


Dungeon Overview and Level Annotations

Branches:
Dungeon (5/15)             Temple (1/1) D:4

Altars:
Ashenzari
Cheibriados
Elyvilon
Fedhas
Gozag
Hepliaklqana
Kikubaaqudgha
Nemelex Xobeh
Qazlal
Ru
Sif Muna
Trog
Uskayaw
Vehumet
Wu Jian
Xom
Yredelemnul
Zin
The Shining One

Shops:
D:2 ((*

Annotations:
D:3 exclusion: downstairs


Innate Abilities, Weirdness & Mutations

You have a beak for a mouth.
You have claws for feet.
Your magical nature lets you fly swiftly and evasively.


Message History

You resist with significant effort.
The foxfire hits the gnoll!
You kill the gnoll!
Vehumet accepts your kill.
Casting: Foxfire (safe; 1% risk of failure)
Confirm with . or Enter, or press ? or * to list all spells.
You conjure some foxfire!
The foxfire hits Sigmund!
Sigmund is moderately wounded.
Casting: Foxfire (safe; 1% risk of failure)
Confirm with . or Enter, or press ? or * to list all spells.
You conjure some foxfire!
The foxfire hits the jelly.
The jelly is moderately wounded.
The foxfire hits the jelly.
The jelly is heavily wounded.
The foxfire hits the jelly.
The jelly is almost dead.
The foxfire hits the jelly.
You kill the jelly!
Vehumet accepts your kill.
Your Spellcasting skill increases to level 4!
Casting: Foxfire (safe; 1% risk of failure)
Confirm with . or Enter, or press ? or * to list all spells.
You conjure some foxfire!
Casting: Foxfire (safe; 1% risk of failure)
Confirm with . or Enter, or press ? or * to list all spells.
You conjure some foxfire!
The foxfire hits Sigmund.
Sigmund is moderately wounded.
The foxfire hits Sigmund.
Sigmund is heavily wounded.
Casting: Foxfire (safe; 1% risk of failure)
Confirm with . or Enter, or press ? or * to list all spells.
You can't see any susceptible monsters within range! (Use Z to cast anyway.)
Casting: Foxfire (safe; 1% risk of failure)
Confirm with . or Enter, or press ? or * to list all spells.
You conjure some foxfire!
The foxfire hits Sigmund.
Sigmund is severely wounded.
The foxfire hits Sigmund.
Sigmund is almost dead.
Casting: Foxfire (safe; 1% risk of failure)
Confirm with . or Enter, or press ? or * to list all spells.
You can't see any susceptible monsters within range! (Use Z to cast anyway.)
The foxfire hits Sigmund.
You kill Sigmund!
Vehumet accepts your kill.
Casting: Foxfire (safe; 1% risk of failure)
Confirm with . or Enter, or press ? or * to list all spells.
You conjure some foxfire!
Your foxfire dissipates!
Your foxfire dissipates! x2
Things that are here:
a +0 scythe; a +2 robe of cold resistance; the human corpse of Sigmund
Things that are here:
a +0 flail; a gnoll corpse A quokka comes into view.
A quokka is nearby!
A quokka is nearby!
A quokka is nearby!
Casting: Foxfire (safe; 1% risk of failure)
Confirm with . or Enter, or press ? or * to list all spells.
You conjure some foxfire!
Casting: Foxfire (safe; 1% risk of failure)
Confirm with . or Enter, or press ? or * to list all spells.
You conjure some foxfire!
The foxfire hits the quokka.
The quokka is lightly wounded.
Your foxfire dissipates!
The foxfire hits the quokka.
The quokka is almost dead.
The foxfire hits the quokka.
You kill the quokka!
Vehumet accepts your kill.
A jelly comes into view.
A jelly is nearby!
A jelly is nearby!
Casting: Foxfire (safe; 1% risk of failure)
Confirm with . or Enter, or press ? or * to list all spells.
You conjure some foxfire!
Casting: Foxfire (safe; 1% risk of failure)
Confirm with . or Enter, or press ? or * to list all spells.
You conjure some foxfire!
The foxfire hits the jelly!
The jelly is moderately wounded.
Casting: Foxfire (safe; 1% risk of failure)
Confirm with . or Enter, or press ? or * to list all spells.
You conjure some foxfire!
Your foxfire dissipates!
The foxfire hits the jelly.
The jelly is heavily wounded.
Your foxfire dissipates! 2 killer bees come into view.
The foxfire hits the jelly!
The jelly is almost dead.
The foxfire hits the jelly.
You kill the jelly!
Vehumet accepts your kill.
Your Conjurations skill increases to level 6!
Casting: Foxfire (safe; 1% risk of failure)
Confirm with . or Enter, or press ? or * to list all spells.
You conjure some foxfire!
Casting: Foxfire (safe; 1% risk of failure)
Confirm with . or Enter, or press ? or * to list all spells.
You conjure some foxfire!
The foxfire hits the killer bee!
The killer bee is heavily wounded.
The foxfire hits the killer bee.
The killer bee is severely wounded.
The foxfire hits the killer bee.
The killer bee is almost dead.
Your foxfire dissipates!
Casting: Foxfire (safe; 1% risk of failure)
Confirm with . or Enter, or press ? or * to list all spells.
You conjure some foxfire!
The killer bee misses you. x2
Casting: Foxfire (safe; 1% risk of failure)
Confirm with . or Enter, or press ? or * to list all spells.
You conjure some foxfire!
The foxfire hits the killer bee.
You kill the killer bee!
Vehumet accepts your kill.
Your Fire Magic skill increases to level 6!
Casting: Foxfire (safe; 1% risk of failure)
Confirm with . or Enter, or press ? or * to list all spells.
You conjure some foxfire!
Your foxfire dissipates!
Casting: Foxfire (safe; 1% risk of failure)
Confirm with . or Enter, or press ? or * to list all spells.
You conjure some foxfire!
Your foxfire dissipates! x2
Your foxfire dissipates!
Your foxfire dissipates! x2
A gnoll comes into view. It is wielding a +0 spear.
A gnoll is nearby!
Casting: Foxfire (safe; 1% risk of failure)
Confirm with . or Enter, or press ? or * to list all spells.
You conjure some foxfire!
Casting: Foxfire (safe; 1% risk of failure)
Confirm with . or Enter, or press ? or * to list all spells.
You conjure some foxfire!
The foxfire hits the gnoll but does no damage.
The gnoll shouts!
You hear a shout! x2
The foxfire hits the gnoll.
The gnoll is lightly wounded.
Casting: Foxfire (safe; 1% risk of failure)
Confirm with . or Enter, or press ? or * to list all spells.
You conjure some foxfire!
Casting: Foxfire (safe; 1% risk of failure)
Confirm with . or Enter, or press ? or * to list all spells.
You conjure some foxfire!
Your foxfire dissipates!
Found a scroll labelled REIROA YSHUONI.
The foxfire hits the gnoll.
The gnoll is heavily wounded.
The foxfire hits the gnoll!
You kill the gnoll!
Vehumet accepts your kill.
A killer bee comes into view.
Your foxfire dissipates! x2
Casting: Foxfire (safe; 1% risk of failure)
Confirm with . or Enter, or press ? or * to list all spells.
You conjure some foxfire!
The killer bee stings you but does no damage.
The killer bee attacks as you move away!
The killer bee misses you.
The foxfire hits the killer bee but does no damage.
The foxfire hits the killer bee.
The killer bee is moderately wounded.
The killer bee closely misses you.
Casting: Foxfire (safe; 1% risk of failure)
Confirm with . or Enter, or press ? or * to list all spells.
Flames lash the killer bee.
The killer bee is severely wounded.
The killer bee's fire resistance burns away.
You hear an angry buzzing noise.
The killer bee stings you! The killer bee stings you.
You are poisoned.
The killer bee poisons you!
Casting: Scorch (safe; 1% risk of failure)
Confirm with . or Enter, or press ? or * to list all spells.
Flames lash the killer bee.
The killer bee is burned terribly!
You kill the killer bee!
Vehumet accepts your kill.
You feel sick.
You hear an angry buzzing noise.
A gnoll comes into view. It is wielding a +0 spear.
You feel sick.
You feel sick.
You feel sick.
You feel sick.
You are no longer poisoned.
The killer bee attacks as you move away!
The killer bee closely misses you. The killer bee stings you!
* * * LOW HITPOINT WARNING * * *
You are poisoned.
The killer bee poisons you!
Casting: Scorch (safe; 1% risk of failure)
Confirm with . or Enter, or press ? or * to list all spells.
Flames lash the killer bee.
The killer bee is lightly wounded.
The killer bee's fire resistance burns away.
You feel sick.
You hear a shout!
The killer bee stings you!
* * * LOW HITPOINT WARNING * * *
You are more poisoned.
The killer bee poisons you! The killer bee stings you.
You die...

.........).# .
........#).# #
.#........##..##...
#....###.....)).....
..#####...........
....###..........
#..#....#.......
####..#..#......#..
##.....@.##......###
######.....y.##.......#
#....#........#........
..........##...........
...........#...........
##.g###..†..........
#...##..........#..
......).............
........###......#.


You could see a killer bee (combustible).

Vanquished Creatures
  Sigmund (D:5)
  A scorpion (D:4)
  2 killer bees (D:5)
  2 jellies (D:5)
  A sleepcap (D:4)
  Natasha (twice) (D:3)
  2 orc wizards (D:4)
  8 gnolls
  5 adders
  A worm (D:3)
  2 dart slugs
  6 orcs
  6 ball pythons
  9 endoplasms
  12 giant cockroaches
  3 hobgoblins
  4 jackals (D:4)
  4 quokkas
  5 bats
  5 frilled lizards
  3 goblins
  4 kobolds
  5 rats
93 creatures vanquished.

Vanquished Creatures (others)
  5 dream sheep (D:3)
  299 foxfires
304 creatures vanquished.

Grand Total: 397 creatures vanquished

Notes
Turn   | Place    | Note
-------+----------+-------------------------------------------
     0 | D:1      | GloriousHammer the Tengu Fire Elementalist began the quest
                  | for the Orb.
     0 | D:1      | Reached XP level 1. HP: 10/10 MP: 4/4
   458 | D:1      | Reached XP level 2. HP: 15/15 MP: 1/6
   709 | D:1      | Learned a level 2 spell: Scorch
  1177 | D:1      | Reached XP level 3. HP: 19/19 MP: 3/7
  1528 | D:2      | Found a hazy altar of Hepliaklqana.
  2021 | D:2      | Found Nysous's Antique Weapon Boutique.
  2126 | D:2      | Found Ibludeum's General Store.
  2134 | D:2      | Bought a scroll of fear for 40 gold pieces
  2134 | D:2      | Bought a potion of curing for 30 gold pieces
  2248 | D:2      | Found Zedodar's Antique Weapon Shop.
  2331 | D:3      | Reached XP level 4. HP: 24/24 MP: 6/9
  2508 | D:3      | Learned a level 3 spell: Inner Flame
  2654 | D:3      | Noticed Natasha
  2656 | D:3      | Killed Natasha
  2745 | D:3      | Noticed a dream sheep
  2745 | D:3      | Noticed a dream sheep
  2745 | D:3      | Noticed a dream sheep
  2745 | D:3      | Noticed a dream sheep
  2745 | D:3      | Noticed a dream sheep
  2745 | D:3      | Found a shimmering altar of Xom.
  2748 | D:3      | Killed a dream sheep
  2748 | D:3      | Killed a dream sheep
  2748 | D:3      | Killed a dream sheep
  2748 | D:3      | Killed a dream sheep
  2749 | D:3      | Gained mutation: Your magical nature lets you fly swiftly
                  | and evasively. [Tengu growth]
  2749 | D:3      | Reached XP level 5. HP: 28/28 MP: 7/10
  2750 | D:3      | Killed a dream sheep
  2935 | D:3      | Reached skill level 1 in Hexes
  3073 | D:3      | Noticed Natasha
  3077 | D:3      | Killed Natasha
  3299 | D:3      | Learned a level 3 spell: Volatile Blastmotes
  3380 | D:4      | Reached XP level 6. HP: 32/32 MP: 3/12
  3587 | D:4      | Found a bloodstained altar of Trog.
  3587 | D:4      | Found a hide-covered altar of Uskayaw.
  3587 | D:4      | Found a sparkling altar of Nemelex Xobeh.
  3587 | D:4      | Found a broken altar of Ashenzari.
  3745 | D:4      | Reached skill level 5 in Fire Magic
  3931 | D:4      | Reached skill level 5 in Conjurations
  4275 | D:4      | Found a staircase to the Ecumenical Temple.
  4344 | Temple   | Entered the Ecumenical Temple
  4444 | Temple   | Became a worshipper of Vehumet
  4619 | D:5      | Entered Level 5 of the Dungeon
  4632 | D:5      | Reached XP level 7. HP: 36/36 MP: 8/13
  4673 | D:5      | Noticed Sigmund
  4687 | D:5      | Killed Sigmund
  4866 | D:5      | HP: 1/36 [killer bee (7)]
  4866 | D:5      | Slain by a killer bee

Illustrated notes

Levels and vault maps discovered:
D:1:      pf_arrival_petrified_forest, layout_loops_corners, st_stairs_1
D:2:      minmay_roachtagon, layout_basic, basic_altar, serial_shops,
          nicolae_shop_tiny_statue_garden, nicolae_shop_advertising_works
          [nicolae_subvault_shop_adworks], shop
D:3:      layout_basic, kb_xom_exploding_sheep, grunt_ministairs_7,
          minmay_stone_trees_small, uniq_natasha
D:4:      layout_rooms, chequers_temple_overflow_statue_of_worship,
          minmay_temple_entry_statues_fountains, grunt_ministairs_13,
          guppyfry_early_lair_pool
D:5:      layout_cave_pools, serial_gnoll_camp, gnoll_camp_mini_basic,
          gnoll_camp_mini_hut, gnoll_camp_mini_house, gnoll_camp_mini_hut,
          uniq_duvessa, uniq_sigmund, uniq_menkaure, uniq_ijyb, uniq_edmund
Temple:   jpeg_temple_clearing

Skill      XL: |  1  2  3  4  5  6  7 |
---------------+----------------------+-----
Conjurations   | 2 3 4 5 6 |  6.2
Fire Magic     | 4 5 6 |  6.1
Spellcasting   | 3 4 |  4.6
Hexes          | 1 |  1.3
Dodging        | |  2.1
Stealth        | |  2.0

Action                     |  1- 3 |  4- 6 |  7- 9 || total
---------------------------+-------+-------+-------++-------
  Melee: Unarmed           |     3 |       |       ||     3
         Kick              |     5 |     4 |       ||     9
         Peck              |     2 |     2 |       ||     4
         Quarterstaff      |     8 |     7 |       ||    15
   Cast: Foxfire           |    86 |    85 |    26 ||   197
         Scorch            |     1 |    16 |     3 ||    20
 Armour: Robe              |     6 |     1 |     1 ||     8
  Dodge: Dodged            |    18 |    13 |     5 ||    36
